AoeStats
← Fizzle twist

Golden Pit

510037246Analyzed
1v1 RM · 3d ago on Sep 29, 2026· 49m 16s· 2 players
Game mode
Random Map
Map size
Tiny (2 player)
Population
200
Speed
Normal
Resources
Standard
Victory
Conquest
Starting age
Dark Age
Ending age
Imperial Age
RankedLock teamsTeams togetherTeam positionsShared explorationLock speedFull tech treeHidden civsTurbo modeCheats
Victory
Defeat
🇺🇸 Vikings · United States
860
+15
🇬🇧 Persians · United Kingdom
846
-15
Fizzle twist
3:37 Loom
10:40 Feudal Age
11:04 Town Watch
11:55 Wheelbarrow
11:02 Horse Collar
11:15 Double-Bit Axe
18:50 Castle Age
18:27 Stone Mining
18:28 Gold Mining
19:32 Hand Cart
19:43 Heavy Plow
24:31 Arson
30:45 Scale Barding Armor
36:46 Imperial Age
34:43 Murder Holes
34:49 Herbal Medicine
35:43 Masonry
36:03 Ballistics
36:58 Bloodlines
37:46 Conscription
38:57 Kamandaran
39:29 Fletching
40:28 Bodkin Arrow
40:18 Crossbowman
45:09 Scale Mail Armor
45:09 Padded Archer Armor
46:57 Thumb Ring
SimpleJack
8:26 Loom
10:49 Feudal Age
11:11 Horse Collar
11:48 Double-Bit Axe
20:24 Castle Age
20:22 Forging
20:14 Scale Mail Armor
24:27 Town Watch
26:13 Iron Casting
25:53 Chain Mail Armor
25:02 Pikeman
26:32 Bow Saw
26:26 Heavy Plow
27:12 Squires
33:53 Chieftains
Connection lost

Rejoining the realm…

Still unreachable

The connection could not be restored.

Session expired

The server has moved on; the page needs a fresh start.